 Dungeon Crawl Stone Soup version 0.32-a0-599-gba8f9cf90e (webtiles) character file.

Game seed: 14664006430060950955

185 ragingrage the Sneak (level 5, -1/43 HPs)
             Began as a Formicid Delver on Mar 3, 2024.
             Was an Initiate of Nemelex Xobeh.
             Splashed by a jelly's acid (6 damage)
             ... on level 4 of the Dungeon.
             The game lasted 00:04:02 (2922 turns).

ragingrage the Sneak (Formicid Delver)              Turns: 2922, Time: 00:04:02

Health: -1/43      AC:  1    Str: 17    XL:     5   Next: 96%
Magic:  5/5        EV: 11    Int:  9    God:    Nemelex Xobeh [......]
Gold:   121        SH:  0    Dex: 17    Spells: 4/4 levels left

rFire   . . .        n - +0 short sword (venom)
rCold   . . .        (no shield)
rNeg    . . .        q - +0 ring mail
rPois   .            (helmet unavailable)
rElec   .            (no cloak)
rCorr   .            (no gloves)
SInv    +            (no boots)
Will    +....        (no amulet)
Stlth   +++          (no ring)
HPRegen 0.27/turn    (no ring)
MPRegen 0.09/turn

%: no passive effects
@: corroded, enlightened, flying
A: permanent stasis, dig shafts and tunnels, antennae 3, four strong arms
a: Dig, Shaft Self, Renounce Religion, Draw Escape, Draw Destruction, Draw
Summoning


You were on level 4 of the Dungeon.
You worshipped Nemelex Xobeh.
Nemelex Xobeh was noncommittal.
You visited 1 branch of the dungeon, and saw 5 of its levels.

You collected 187 gold pieces.
You spent 66 gold pieces at shops.

Inventory:

Hand Weapons
 n - a +0 short sword of venom (weapon)
 w - a +0 sling
Missiles
 r - 4 poisoned darts
Armour
 b - a +0 leather armour
 q - a +0 ring mail (worn)
Wands
 f - a wand of digging (3)
Scrolls
 a - 3 scrolls of enchant armour {unknown}
 c - a scroll of fog
 d - 3 scrolls of revelation
 e - 4 scrolls of fear
 h - 6 scrolls of identify {unknown}
 i - a scroll of torment {unknown}
 t - 2 scrolls of enchant weapon {unknown}
 u - a scroll of teleportation {unknown}
 v - a scroll of immolation {unknown}
 x - a scroll of vulnerability {unknown}
Potions
 k - a potion of berserk rage {unknown}
 l - a potion of might {unknown}
 m - 3 potions of curing {unknown}
 o - a potion of degeneration {unknown}
 p - 2 potions of haste {unknown}
 s - a potion of attraction {unknown}


   Skills:
 + Level 4.5 Fighting
 - Level 4.9 Short Blades
 - Level 1.7 Dodging
 - Level 6.0 Stealth


You had 4 spell levels left.
You didn't know any spells.
Your spell library contained the following spells:

 Spells                   Type           Power      Damage    Failure   Level
 Call Canine Familiar     Summ           0%         N/A       92%         3
 Sigil of Binding         Hex            0%         N/A       92%         3
 Dimensional Bullseye     Hex/Tloc       0%         N/A       100%        4


Dungeon Overview and Level Annotations

Branches:
Dungeon (5/15)
 Temple: D:4-7

Altars:
Nemelex Xobeh
Vehumet

Shops:
D:2 *([:=

Annotations:
D:5 Grinder


Innate Abilities, Weirdness & Mutations

You cannot be hasted, slowed, berserked, paralysed or teleported.
You can dig through walls and to a lower floor.
You have a pair of large antennae on your head. (SInv)
Your four strong arms can wield two-handed weapons with a shield.


Message History

There is a fountain of sparkling water here.
Found a stone staircase leading up.
A jelly comes into view.
A jelly is nearby!
A jelly is nearby!
A white imp and a ball python come into view.
Found a stone staircase leading down.
The ball python hisses angrily.
The jelly quivers.
The white imp shouts, "Embrace thy dedition, thou pecksniffian common-kissing flap-bat!"
The white imp gestures at you. The puff of frost hits you!
The white imp shouts, "Out, out, thou weedy fob-snatching ratsbane!"
The ball python attacks as it pursues you!
The ball python misses you. The ball python grabs you.
The ball python constricts you.
You escape the ball python's grasp.
The ball python attacks as it pursues you!
The ball python bites you but does no damage.
The ball python closely misses you.
The ball python bites you but does no damage.
The ball python grabs you. The ball python constricts you.
You hit the ball python.
The ball python is poisoned.
The ball python's grasp on you weakens, but your attempt to escape fails.
You kill the ball python!
The jelly attacks as it pursues you! The jelly hits you.
You are splashed with acid!
The white imp gestures at you. The puff of frost hits you!
You completely miss the jelly. The jelly hits you but does no damage.
It was a potion of cancellation.
You feel magically purged. The jelly hits you.
You are splashed with acid!
* * * LOW HITPOINT WARNING * * *
It was a potion of enlightenment.
You feel very buoyant.
You fly up into the air.
The jelly hits you.
* * * LOW HITPOINT WARNING * * *
The acid corrodes you!
You are splashed with acid.
You die...
Your body disappears without a glow.

##..<........# #....
##...........# #....
#............# #....
##.#........## #..#.
#..###..#### ###..
##..##### #.# ####..##
#.# #...#J.## #### ##..
##...@#..## #..###...
##......#.{## #..##....
#.......##..###..#..#..
##.......##..5†.....####
#........##..###..#..###
#........##.## #..##..##
#...........# ##.###{##
#........÷.## #.# #..#
#..........# #.# ##..


You could see a jelly.

Vanquished Creatures
  A howler monkey (D:5)
  A hound (D:4)
  5 adders (D:2)
  2 dart slugs
  An orc (D:3)
  8 ball pythons
  7 bats
  7 endoplasms
  4 giant cockroaches
  3 goblins
  5 hobgoblins
  15 kobolds
  4 quokkas
  3 frilled lizards
  4 rats
70 creatures vanquished.

Notes
Turn   | Place    | Note
-------+----------+-------------------------------------------
     0 | D:5      | ragingrage the Formicid Delver began the quest for the Orb.
     0 | D:5      | Reached XP level 1. HP: 18/18 MP: 1/1
   121 | D:5      | Found a radiant altar of Vehumet.
   139 | D:4      | Noticed a howler monkey
   156 | D:5      | Killed a howler monkey
   157 | D:5      | Reached XP level 2. HP: 22/24 MP: 2/2
   157 | D:5      | Reached XP level 3. HP: 26/29 MP: 3/3
   212 | D:5      | Noticed Grinder
   398 | D:2      | Found Naiwut's Jewellery Shop.
   450 | D:1      | Reached XP level 4. HP: 19/35 MP: 4/4
  1404 | D:2      | Reached XP level 5. HP: 33/42 MP: 5/5
  1476 | D:2      | Found Abraolur's Assorted Antiques.
  1481 | D:2      | Bought a glowing sapphire potion for 21 gold pieces
  1481 | D:2      | Bought a scroll labelled FUPSYC MELIQI for 24 gold pieces
  1481 | D:2      | Bought a sapphire potion for 21 gold pieces
  1895 | D:2      | Found Jusil's Antique Weapon Emporium.
  1898 | D:2      | Found Weunoka's Armour Shop.
  1918 | D:2      | Found Yguur's Book Shoppe.
  2870 | D:4      | Found a sparkling altar of Nemelex Xobeh.
  2881 | D:4      | Became a worshipper of Nemelex Xobeh the Trickster
  2922 | D:4      | Splashed by a jelly's acid

Illustrated notes

Levels and vault maps discovered:
D:1:      arrival_zaba_pyramid, layout_basic, minmay_pentomino_o4
D:2:      layout_basic, serial_shops, shop, nicolae_shop_tiny_waterfront, shop,
          shop, shop
D:3:      layout_loops_ring
D:4:      layout_cave_pods, nemelex_xobeh_ov_fountains_minmay
D:5:      layout_loops_ring, nicolae_vehumet_altar_sigil, uniq_grinder,
          uniq_ijyb

Skill      XL: |  1  2  3  4  5 |
---------------+----------------+-----
Short Blades   | 3 4 |  4.9
Fighting       | 4 |  4.5
Dodging        | |  1.7
Stealth        | |  6.0

Action                     |  1- 3 |  4- 6 || total
---------------------------+-------+-------++-------
  Melee: Short sword       |    29 |   174 ||   203
         Unarmed           |     3 |       ||     3
Ability: Dig               |       |     2 ||     2
    Use: Potion            |     1 |     2 ||     3
   Stab: Sleeping          |     5 |    15 ||    20
 Armour: Skin              |     4 |       ||     4
         Leather armour    |    17 |    22 ||    39
         Ring mail         |       |    75 ||    75
  Dodge: Dodged            |    32 |    77 ||   109

Table legend: (Time is in decaauts)
 A = Elapsed time spent in this place.
 B = Non-inter-level travel time spent in this place.
 C = Inter-level travel time spent in this place.
 D = Time resting spent in this place.
 E = Time spent auto-exploring this place.
 F = Levels seen in this place.
 G = Mean time per level.
                   A        B        C        D        E       F      G
               +--------+--------+--------+--------+--------+-----+--------+
         Total |   2874 |   2741 |    133 |    254 |   1837 |   5 |  574.8 |
       Dungeon |   2874 |   2741 |    133 |    254 |   1837 |   5 |  574.8 |
               +--------+--------+--------+--------+--------+-----+--------+

Top non-repeatable levels by time:
     D:1: 963 daAuts
     D:2: 601 daAuts
     D:3: 553 daAuts
     D:4: 546 daAuts
     D:5: 209 daAuts
